 Dungeon Crawl Stone Soup version 0.20-a0-823-gdec668e (webtiles) character file.

151 AlphabetPasta the Skirmisher (level 5, -5/46 HPs)
             Began as a Ghoul Chaos Knight on Mar 5, 2017.
             Slain by a sixfirhy (10 damage)
             ... summoned by Xom
             ... on level 3 of the Dungeon.
             The game lasted 00:11:02 (2071 turns).

AlphabetPasta the Skirmisher (Ghoul Chaos Knight)   Turns: 2071, Time: 00:11:02

Health: -5/46      AC: 11    Str: 17    XL:     5   Next: 33%
Magic:  4/4        EV:  7    Int:  7    God:    Xom [......]
Gold:   138        SH:  3    Dex:  8    Spells: 4/4 levels left

rFire    . . .     SeeInvis .   a - +1 hand axe (chaos)
rCold    + . .     Gourm    .   g - +1 chain mail
rNeg     + + +     Faith    .   (no shield)
rPois    ∞         Spirit   .   (no helmet)
rElec    .         Reflect  +   (no cloak)
rCorr    .         Harm     .   l - +0 pair of gloves
MR       .....                  (no boots)
Stlth    ..........             f - +3 amulet of reflection
Regen    0.0/turn               (no ring)
MPRegen  0.1/turn               (no ring)

@: rotting
A: rotting body, claws 1, carnivore 3, cold resistance 1, negative energy
resistance 3, inhibited regeneration, torment resistance, unbreathing
a: Renounce Religion


You were on level 3 of the Dungeon.
You worshipped Xom.
You were a very special plaything of Xom.
You were not hungry.

You visited 1 branch of the dungeon, and saw 3 of its levels.

You collected 138 gold pieces.

Inventory:

Hand Weapons
 a - a +1 hand axe of chaos (weapon)
Missiles
 i - 15 bolts
Armour
 b - a +2 leather armour
 g - a +1 chain mail (worn)
 l - a +0 pair of gloves (worn)
Jewellery
 f - a +3 amulet of reflection (around neck)
Scrolls
 h - a scroll of enchant armour
Potions
 e - 2 potions of curing
 k - a potion of agility
Comestibles
 c - 2 meat rations
 j - 4 royal jellies


   Skills:
 + Level 4.2 Fighting
 * Level 3.6 Axes
 + Level 2.8 Armour
 + Level 2.0 Dodging


You had 4 spell levels left.
You didn't know any spells.

Dungeon Overview and Level Annotations

Branches:
Dungeon (3/15)

Altars:
Okawaru
Wu Jian


Innate Abilities, Weirdness & Mutations

Your body is rotting away.
You thrive on raw meat.
You are immune to poison.
You have sharp fingernails.
You are carnivorous and can eat meat at any time.
Your flesh is cold resistant. (rC+)
You are immune to negative energy. (rN+++)
You do not regenerate when monsters are visible.
You are immune to unholy pain and torment.
You can survive without breathing.


Message History

The sixfirhy shocks you!
* * * LOW HITPOINT WARNING * * *
You feel better.
The sixfirhy hits you but does no damage.
The sixfirhy barely misses you.
The sixfirhy hits you but does no damage.
You hit the sixfirhy. You burn the sixfirhy.
The sixfirhy is moderately wounded.
You barely miss the sixfirhy.
The sixfirhy is lightly wounded.
The sixfirhy hits you but does no damage.
You miss the sixfirhy.
The sixfirhy is lightly wounded.
The sixfirhy hits you but does no damage.
The sixfirhy hits you. The sixfirhy shocks you!
* * * LOW HITPOINT WARNING * * *
The sixfirhy hits you.
* * * LOW HITPOINT WARNING * * *
The sixfirhy shocks you!
You die...

................#........#....[#,
................#........#.....#,
#################........#.....#.
#........#.......
#........#.......
########........#.......
#...............#.......
#.........#****#........
#......@3.######...#....
#..........÷.......#....
#................###....
#................# *,...
#................# *,,..
#.....[..........# *,,,,
#.........######## *,,,,
########### *,,,, *****


You could see a sixfirhy.

Vanquished Creatures
  An orc wizard (D:3)
  2 adders (D:3)
  A river rat (D:1)
  4 worms
  2 dart slugs
  A leopard gecko (D:2)
  3 orcs (D:3)
  4 giant cockroaches (D:1)
  10 goblins
  12 hobgoblins
  6 jackals
  A quokka (D:2)
  2 ball pythons
  9 bats
  4 frilled lizards
  7 kobolds
  4 rats (D:1)
73 creatures vanquished.

Notes
Turn   | Place    | Note
-------+----------+-------------------------------------------
     0 | D:1      | AlphabetPasta the Ghoul Chaos Knight began the quest for the Orb.
     0 | D:1      | Reached XP level 1. HP: 19/19 MP: 0/0
     2 | D:1      | XOM: divination: detect creatures
     5 | D:1      | Reached skill level 1 in Dodging
   371 | D:1      | Reached XP level 2. HP: 25/25 MP: 1/1
   391 | D:1      | XOM: confuse monster(s)
   536 | D:1      | Reached XP level 3. HP: 31/31 MP: 2/2
   793 | D:1      | XOM: silly message
   840 | D:1      | XOM: god gift: 8 gold pieces
  1079 | D:2      | Reached XP level 4. HP: 40/40 MP: 3/3
  1134 | D:2      | Found an iron altar of Okawaru.
  1153 | D:2      | XOM: divination: detect creatures
  1165 | D:2      | Reached skill level 4 in Fighting
  1185 | D:2      | Found a faded altar of an unknown god.
  1556 | D:3      | XOM: polymorph orc -> rat
  1587 | D:3      | Reached XP level 5. HP: 13/46 MP: 4/4
  1845 | D:3      | Found an ornate altar of the Wu Jian Council.
  1973 | D:3      | XOM: harmless Hex miscast
  2066 | D:3      | XOM: summons 1 hostile demon
  2067 | D:3      | Noticed a sixfirhy
  2071 | D:3      | Slain by a sixfirhy

Vault maps used:
D:1:      minmay_arrival_semitransparent
D:2:      chequers_ecumenical_altar_simple_redux, okawaru_gym_becter
D:3:      old_standard_altar

Skill      XL: |  1  2  3  4  5 |
---------------+----------------+-----
Dodging        | 1 2 |  2.0
Armour         | 2 |  2.8
Axes           | 3 |  3.6
Fighting       | 4 |  4.2

Action                   |  1- 3 |  4- 6 || total
-------------------------+-------+-------++-------
Melee: Hand axe          |   125 |   127 ||   252
  Use: Scroll            |     5 |     4 ||     9
       Potion            |     3 |     3 ||     6
 Stab: Paralysed         |       |     1 ||     1
  Eat: Chunk             |    33 |    26 ||    59
Armor: Leather armour    |    43 |       ||    43
       Chain mail        |     9 |    88 ||    97
Dodge: Dodged            |    77 |    50 ||   127
Block: Other             |     1 |    17 ||    18
